[Event "105th British-ch 2018"]
[Site "Hull"]
[Date "2018.08.05"]
[Round "9"]
[White "Kalavannan, Koby"]
[Black "Houska, Jovanka"]
[Result "1/2-1/2"]
[ECO "E16"]
[WhiteElo "2277"]
[BlackElo "2406"]
[Annotator "NA"]
[PlyCount "67"]
[EventDate "2018.07.28"]
[EventType "swiss"]
[EventCountry "GBR"]
[SourceTitle "playchess.com"]
[Source "ChessBase"]
[SourceQuality "1"]
[TimeControl "40/5400+30:1800+30"]

1. d4 d5 2. c4 e6 3. g3 Nf6 4. Bg2 Bb4+ 5. Nd2 O-O 6. Ngf3 b6 7. O-O Bb7 8. Ne5 Qc8 9. Qa4 Be7 10. cxd5 Bxd5 11. e4 Bb7 12. b4 b5 13. Qb3 a5 14. bxa5 Rxa5 15. Bb2 Nbd7 16. Rfc1 Nxe5 17. dxe5 Ne8 18. Bc3 b4 19. Nc4 Ra6 20. Bxb4 Bxb4 21. Qxb4 Qa8 22. Qb5 Bc6 23. Qb1 f5 24. Nd2 Qa7 25. Qc2 Rf7 26. Qc5 Qa8 27. Bf1 Rb6 28. exf5 Rxf5 29. a4 Bd5 30. a5 Rc6 31. Qb5 Qa7 32. Qe2 Rxc1 33. Rxc1 Qxa5 34. Bh3 1/2-1/2

[Event "105th British-ch 2018"]
[Site "Hull"]
[Date "2018.08.05"]
[Round "9"]
[White "Toma, Katarzyna"]
[Black "Zapolskis, Antanas"]
[Result "0-1"]
[ECO "B30"]
[WhiteElo "2274"]
[BlackElo "2283"]
[Annotator "NA"]
[PlyCount "86"]
[EventDate "2018.07.28"]
[EventType "swiss"]
[EventCountry "GBR"]
[SourceTitle "playchess.com"]
[Source "ChessBase"]
[SourceQuality "1"]
[TimeControl "40/5400+30:1800+30"]

1. e4 c5 2. Nf3 Nc6 3. Bb5 Na5 4. d4 a6 5. Be2 cxd4 6. Nxd4 e5 7. Nf3 d6 8. Be3 Nf6 9. Nc3 Be7 10. h3 b5 11. O-O Bb7 12. Nd5 Nxd5 13. exd5 Nc4 14. Bxc4 bxc4 15. b3 c3 16. Qd3 Rc8 17. a4 O-O 18. a5 f5 19. Bb6 Qd7 20. Nh2 e4 21. Qe2 Bxd5 22. Qxa6 Bc6 23. Rfd1 f4 24. Qc4+ Kh8 25. Qxc3 Rf6 26. Ng4 Rf5 27. Bd4 Rg5 28. Be5 Ba8 29. Qd4 Rxg4 30. hxg4 Qxg4 31. Bxf4 Qxf4 32. Ra2 d5 33. Qd2 Qg4 34. Rb1 Bf6 35. b4 d4 36. Qd1 Qg5 37. Qe2 e3 38. fxe3 Bd5 39. Ra3 dxe3 40. Rd1 Re8 41. a6 Bxg2 42. Qxg2 e2 43. Re1 Bd4+ 0-1

[Event "105th British-ch 2018"]
[Site "Hull"]
[Date "2018.08.05"]
[Round "9"]
[White "Mcmichael, Richard J"]
[Black "Mcdougall, William M"]
[Result "0-1"]
[ECO "A03"]
[WhiteElo "2245"]
[BlackElo "2056"]
[Annotator "NA"]
[PlyCount "86"]
[EventDate "2018.07.28"]
[EventType "swiss"]
[EventCountry "GBR"]
[SourceTitle "playchess.com"]
[Source "ChessBase"]
[SourceQuality "1"]
[TimeControl "40/5400+30:1800+30"]

1. f4 Nf6 2. Nf3 d5 3. e3 g6 4. d4 Bg7 5. Bd3 O-O 6. O-O c5 7. c3 b6 8. Qe2 Bb7 9. Bd2 Qc8 10. Be1 Ba6 11. Ne5 Bxd3 12. Nxd3 Nbd7 13. Bh4 Qb7 14. Nd2 Rac8 15. g4 Rfe8 16. Qg2 b5 17. f5 b4 18. Rf2 bxc3 19. bxc3 cxd4 20. cxd4 Rc3 21. Rb1 Qc8 22. Rb3 Rxb3 23. Nxb3 Qc3 24. Nbc1 Rc8 25. Rf1 Nb6 26. Bxf6 exf6 27. g5 Nc4 28. Qh3 Re8 29. fxg6 hxg6 30. gxf6 Rxe3 31. Qc8+ Bf8 32. Rf4 Rxd3 33. Nxd3 Qxd3 34. Qg4 Qe3+ 35. Kg2 Qd2+ 36. Kh3 Ne3 37. Qf3 Bd6 38. Qf2 Qc1 39. Rf3 Nf5 40. Kg4 Nh6+ 41. Kh3 Qg5 42. Qh4 Qg1 43. Rf2 Nf5 0-1

[Event "105th British-ch 2018"]
[Site "Hull"]
[Date "2018.08.05"]
[Round "9"]
[White "Wall, Tim P"]
[Black "Bradbury, Neil H"]
[Result "1/2-1/2"]
[ECO "A45"]
[WhiteElo "2234"]
[BlackElo "2348"]
[Annotator "NA"]
[PlyCount "55"]
[EventDate "2018.07.28"]
[EventType "swiss"]
[EventCountry "GBR"]
[SourceTitle "playchess.com"]
[Source "ChessBase"]
[SourceQuality "1"]
[TimeControl "40/5400+30:1800+30"]

1. d4 Nf6 2. Bg5 Ne4 3. Bf4 c5 4. d5 Qb6 5. Nd2 Nxd2 6. Bxd2 e5 7. e4 Qg6 8. Qe2 Be7 9. O-O-O Bg5 10. d6 Bxd2+ 11. Qxd2 Nc6 12. Nf3 O-O 13. Qe3 b6 14. Bc4 Bb7 15. Bd5 Rae8 16. h4 Na5 17. h5 Qf6 18. Nh4 Bxd5 19. Rxd5 g6 20. g3 Re6 21. Rhd1 Rc8 22. b3 Rc6 23. Qd3 c4 24. Qe3 Rexd6 25. b4 Nb7 26. Nf3 Rc8 27. Nxe5 Re6 28. Nxd7 1/2-1/2

[Event "105th British-ch 2018"]
[Site "Hull"]
[Date "2018.08.05"]
[Round "9"]
[White "Tozer, Philip A A"]
[Black "Krzyzanowski, Patryk"]
[Result "1/2-1/2"]
[ECO "A14"]
[WhiteElo "2142"]
[BlackElo "2087"]
[Annotator "NA"]
[PlyCount "115"]
[EventDate "2018.07.28"]
[EventType "swiss"]
[EventCountry "GBR"]
[SourceTitle "playchess.com"]
[Source "ChessBase"]
[SourceQuality "1"]
[TimeControl "40/5400+30:1800+30"]

1. c4 e6 2. g3 d5 3. Bg2 Nf6 4. Nf3 c5 5. O-O Nc6 6. b3 d4 7. e3 Be7 8. exd4 cxd4 9. Re1 O-O 10. d3 Re8 11. Ba3 Bxa3 12. Nxa3 e5 13. Rb1 Bg4 14. h3 Bh5 15. g4 Bg6 16. Nh4 Ne4 17. Bxe4 Qxh4 18. Qf3 h5 19. Nb5 hxg4 20. hxg4 Bxe4 21. Rxe4 Re6 22. Nc7 Rf6 23. Qg2 Rd8 24. g5 Rf4 25. Rxf4 Qxf4 26. Nd5 Qf5 27. Qg3 Rd6 28. Kh2 Rg6 29. Rg1 f6 30. Qh3 Qxh3+ 31. Kxh3 Kf7 32. Rg2 fxg5 33. Kg4 Re6 34. f3 Kg6 35. b4 Nd8 36. Re2 Nf7 37. f4 Nh6+ 38. Kf3 g4+ 39. Kg3 Kf5 40. Rxe5+ Rxe5 41. fxe5 Kxe5 42. Nf4 b5 43. cxb5 Nf5+ 44. Kxg4 Ne3+ 45. Kg5 Nc2 46. a4 Nxb4 47. a5 Nd5 48. Nxd5 Kxd5 49. Kg6 Kc5 50. b6 axb6 51. axb6 Kxb6 52. Kxg7 Kc7 53. Kf6 Kd6 54. Kf5 Kd5 55. Kf4 Kd6 56. Ke4 Ke6 57. Kxd4 Kd6 58. Ke4 {[%emt 0:00:00] Ke5+ [%emt 00:00:24]} 1/2-1/2

[Event "105th British-ch 2018"]
[Site "Hull"]
[Date "2018.08.05"]
[Round "9"]
[White "Jarmany, John"]
[Black "De Coverly, Roger D"]
[Result "1-0"]
[ECO "E70"]
[WhiteElo "2110"]
[BlackElo "1920"]
[Annotator "NA"]
[PlyCount "45"]
[EventDate "2018.07.28"]
[EventType "swiss"]
[EventCountry "GBR"]
[SourceTitle "playchess.com"]
[Source "ChessBase"]
[SourceQuality "1"]
[TimeControl "40/5400+30:1800+30"]

1. d4 Nf6 2. c4 g6 3. Nc3 Bg7 4. e4 d6 5. Nge2 O-O 6. Ng3 c5 7. d5 h5 8. Be2 e6 9. Bg5 exd5 10. cxd5 Nbd7 11. Qd2 a6 12. a4 Qa5 13. O-O Re8 14. h3 Nh7 15. Be3 h4 16. Nh1 Rb8 17. f3 Qb4 18. Nf2 c4 19. Bd4 Bxd4 20. Qxd4 b5 21. axb5 axb5 22. Nd3 Qb3 23. Bd1 1-0

[Event "105th British-ch 2018"]
[Site "Hull"]
[Date "2018.08.05"]
[Round "9"]
[White "Waddington, Mike P"]
[Black "Verma, Aditya"]
[Result "0-1"]
[ECO "A16"]
[WhiteElo "2110"]
[BlackElo "2084"]
[Annotator "NA"]
[PlyCount "66"]
[EventDate "2018.07.28"]
[EventType "swiss"]
[EventCountry "GBR"]
[SourceTitle "playchess.com"]
[Source "ChessBase"]
[SourceQuality "1"]
[TimeControl "40/5400+30:1800+30"]

1. c4 Nf6 2. Nc3 c6 3. e4 d5 4. e5 d4 5. exf6 dxc3 6. bxc3 gxf6 7. d4 Bf5 8. Bd3 Qa5 9. Ne2 Nd7 10. O-O e6 11. Bxf5 Qxf5 12. Ng3 Qa5 13. Qf3 Be7 14. Bf4 Nb6 15. Rab1 O-O-O 16. c5 Nd5 17. Rb3 Qa6 18. Rfb1 Rd7 19. Bc1 Qc4 20. Ne4 a5 21. Nd2 Qa6 22. a3 a4 23. Rb6 Qa5 24. R1b4 Nxb6 25. Rxb6 Bxc5 26. dxc5 Qxc5 27. Rb4 Rhd8 28. Nf1 Rd1 29. Bf4 R8d3 30. Qg4 Qxc3 31. Re4 f5 32. Qg8+ Rd8 33. Qxf7 Rxf1+ 0-1

[Event "105th British-ch 2018"]
[Site "Hull"]
[Date "2018.08.05"]
[Round "9"]
[White "Maroroa, Sue Y"]
[Black "Britton, Richard"]
[Result "1/2-1/2"]
[ECO "B22"]
[WhiteElo "2104"]
[BlackElo "2249"]
[Annotator "NA"]
[PlyCount "60"]
[EventDate "2018.07.28"]
[EventType "swiss"]
[EventCountry "GBR"]
[SourceTitle "playchess.com"]
[Source "ChessBase"]
[SourceQuality "1"]
[TimeControl "40/5400+30:1800+30"]

1. e4 c5 2. c3 Nf6 3. e5 Nd5 4. Nf3 Nc6 5. d4 cxd4 6. Bc4 Nb6 7. Bb3 d5 8. exd6 Qxd6 9. O-O Bf5 10. cxd4 e6 11. Nc3 Be7 12. d5 exd5 13. Nxd5 Nxd5 14. Qxd5 Qxd5 15. Bxd5 O-O 16. Bg5 Bxg5 17. Nxg5 h6 18. Nf3 Nb4 19. Bc4 Bd3 20. Bxd3 Nxd3 21. Rfd1 Rfd8 22. h4 Rd7 23. Rd2 Rad8 24. Rad1 Kf8 25. Ne1 Ne5 26. Rxd7 Rxd7 27. Rxd7 Nxd7 28. Kf1 Ke7 29. Ke2 Kd6 30. Nd3 Kd5 1/2-1/2

[Event "105th British-ch 2018"]
[Site "Hull"]
[Date "2018.08.05"]
[Round "9"]
[White "Price, Gwilym T"]
[Black "Muir, Andrew J"]
[Result "0-1"]
[ECO "B65"]
[WhiteElo "2085"]
[BlackElo "2291"]
[Annotator "NA"]
[PlyCount "126"]
[EventDate "2018.07.28"]
[EventType "swiss"]
[EventCountry "GBR"]
[SourceTitle "playchess.com"]
[Source "ChessBase"]
[SourceQuality "1"]
[TimeControl "40/5400+30:1800+30"]

1. e4 c5 2. Nf3 Nc6 3. d4 cxd4 4. Nxd4 Nf6 5. Nc3 d6 6. Bg5 e6 7. Qd2 Be7 8. O-O-O O-O 9. f4 Nxd4 10. Qxd4 Qa5 11. Kb1 h6 12. h4 e5 {[%emt 0:03:24] B65: Sizilianisch (Richter/Rauser-Angriff)} 13. Qd3 (13. Qf2 exf4 14. Nd5 Nxd5 15. Rxd5 Qc7 16. Qxf4 Re8 17. Bxh6 Bf6 18. Bb5 Be6 19. Bxe8 Bxd5 20. exd5 Rxe8 {½-½ (39) Almasi,Z (2717)-Acs,P (2602) Paks 2010}) 13... exf4 14. Bxf4 Be6 15. Nd5 Bxd5 16. exd5 Rfe8 17. Be2 Bf8 $146 ({Vorgänger:} 17... Nd7 18. Qf5 Nc5 19. Bd3 Nxd3 20. Rxd3 Bxh4 {1-0 (66) Shchekachev,A (2460)-Lepelletier,B (2385) Cannes 1995}) 18. Rhe1 Re4 19. Bd2 Qc5 20. Bf3 Rxh4 21. Bc3 Qc4 22. Bxf6 Qxd3 23. Rxd3 gxf6 24. c3 f5 25. Rde3 Rc4 26. Re8 Rxe8 27. Rxe8 Rc7 28. Kc2 Kg7 29. Re1 Be7 30. Kd3 Bf6 31. Re2 Be5 32. Rc2 Kg6 33. b4 h5 34. c4 b6 35. Rc1 h4 36. a4 Kg5 37. Rf1 Rc8 38. Bd1 Rh8 39. Rf3 Bf4 40. Rf2 h3 41. gxh3 Rxh3+ 42. Rf3 Rh1 43. Ke2 Be5 44. Kd2 Rh2+ 45. Be2 f4 46. Kd3 Rg2 47. Rf1 f6 48. b5 f5 49. Rf3 Kh4 50. Rf1 Kh3 51. Kd2 Kh2 52. Kd3 Rg1 53. Rf3 Ra1 54. Bf1 Rxa4 55. Kd2 Kg1 56. Be2 Kg2 57. Rb3 Ra1 58. Rf3 Rb1 59. Ra3 $19 (59. Kc2 Rb2+ 60. Kd1) 59... Rb2+ 60. Kd1 Bd4 61. Rd3 Be3 62. Ke1 Rb1+ 63. Bd1 f3 0-1

[Event "105th British-ch 2018"]
[Site "Hull"]
[Date "2018.08.05"]
[Round "9"]
[White "Jackson, Sheila"]
[Black "Longson, Sarah N"]
[Result "1/2-1/2"]
[ECO "C50"]
[WhiteElo "2072"]
[BlackElo "2123"]
[Annotator "NA"]
[PlyCount "168"]
[EventDate "2018.07.28"]
[EventType "swiss"]
[EventCountry "GBR"]
[SourceTitle "playchess.com"]
[Source "ChessBase"]
[SourceQuality "1"]
[TimeControl "40/5400+30:1800+30"]

1. e4 e5 2. Nf3 Nc6 3. Bc4 Bc5 4. Nc3 Nf6 5. d3 O-O 6. O-O a6 7. Bg5 Be7 8. Qd2 d6 9. Bxf6 Bxf6 10. Nd5 Bg4 11. Nxf6+ Qxf6 12. Ne1 Nd4 13. f3 Be6 14. c3 Nc6 15. b4 Ne7 16. Nc2 Ng6 17. g3 c6 18. Bb3 a5 19. Bxe6 fxe6 20. a3 d5 21. Kg2 Nh8 22. bxa5 Rxa5 23. c4 Raa8 24. Rab1 Rf7 25. h4 Qd8 26. Qc3 d4 27. Qd2 Ng6 28. Qg5 Qa5 29. Rb4 Raf8 30. Qc1 Rb8 31. Rf2 Nf8 32. Ne1 Nd7 33. Nc2 Nc5 34. Qd2 Rbf8 35. Qe2 Rf6 36. h5 Qa8 37. g4 Rf4 38. Kg3 Qd8 39. Ne1 R4f7 40. Qd2 Qf6 41. Rb1 Ra8 42. Qb4 Qe7 43. Ra2 Ra4 44. Qd2 Rf8 45. Rb4 Ra7 46. Ra1 Rfa8 47. Nc2 Qf7 48. Qe2 Qf4+ 49. Kg2 Rf8 50. Rh1 Raa8 51. Rbb1 Rf6 52. Rh3 Rf7 53. Rg3 Qg5 54. Rh1 Ra6 55. Rb1 Rf8 56. Rh3 Rf4 57. Rg3 Ra7 58. Qd2 h6 59. Rd1 Qd8 60. Kh3 Ra4 61. Kg2 Qb6 62. g5 hxg5 63. Rxg5 Qd8 64. Rxe5 Qf8 65. Nxd4 Rxa3 66. Rxc5 Qxc5 67. Nxe6 Qe7 68. Nxf4 Qg5+ 69. Kf2 Qc5+ 70. Qe3 Ra2+ 71. Ne2 Qxh5 72. Rg1 Qh2+ 73. Rg2 Qh4+ 74. Kf1 Ra1+ 75. Nc1 Qh1+ 76. Rg1 Qh3+ 77. Ke1 Qh2 78. Rxg7+ Kh8 79. Rg8+ Kxg8 80. Qg5+ Kf7 81. Qf5+ Ke7 82. Qg5+ Kf7 83. Qf5+ Kg7 84. Qg5+ Kf7 1/2-1/2

[Event "105th British-ch 2018"]
[Site "Hull"]
[Date "2018.08.05"]
[Round "9"]
[White "Pollack, Oscar"]
[Black "Moore, Graham J"]
[Result "1-0"]
[ECO "C18"]
[WhiteElo "2064"]
[BlackElo "2218"]
[Annotator "NA"]
[PlyCount "93"]
[EventDate "2018.07.28"]
[EventType "swiss"]
[EventCountry "GBR"]
[SourceTitle "playchess.com"]
[Source "ChessBase"]
[SourceQuality "1"]
[TimeControl "40/5400+30:1800+30"]

1. e4 e6 2. d4 d5 3. Nc3 Bb4 4. e5 c5 5. a3 Bxc3+ 6. bxc3 Qa5 7. Bd2 Qa4 8. Qb1 c4 9. Nh3 Nc6 10. Be2 Bd7 11. O-O O-O-O 12. f4 Nge7 13. Nf2 h5 14. Nd1 Nf5 15. Nb2 Qa5 16. Qe1 Kb8 17. a4 Rh6 18. Bc1 Rdh8 19. Nd1 Ka8 20. Ba3 Rg6 21. Bc5 h4 22. Bf3 Qd8 23. Ne3 Ng3 24. f5 Rg5 25. a5 Nxf1 26. Qxf1 Nxa5 27. Qc1 Rxf5 28. Nxf5 exf5 29. Qa3 b6 30. Bxd5+ Bc6 31. Qxa5 bxa5 32. Bxc6+ Kb8 33. Bd6+ Kc8 34. Rb1 Qb6 35. Rxb6 axb6 36. d5 Rh6 37. Bf8 h3 38. g3 Rg6 39. d6 f4 40. Be7 fxg3 41. d7+ Kc7 42. d8=Q+ Kxc6 43. Qe8+ Kb7 44. Qxf7 gxh2+ 45. Kxh2 Rg2+ 46. Kxh3 Rxc2 47. Qxc4 1-0

[Event "105th British-ch 2018"]
[Site "Hull"]
[Date "2018.08.05"]
[Round "9"]
[White "Thurlow, Kevin J"]
[Black "Sugden, John N"]
[Result "1/2-1/2"]
[ECO "A28"]
[WhiteElo "2030"]
[BlackElo "2090"]
[Annotator "NA"]
[PlyCount "52"]
[EventDate "2018.07.28"]
[EventType "swiss"]
[EventCountry "GBR"]
[SourceTitle "playchess.com"]
[Source "ChessBase"]
[SourceQuality "1"]
[TimeControl "40/5400+30:1800+30"]

1. c4 e5 2. Nc3 Nc6 3. e3 Nf6 4. Nf3 Be7 5. d4 exd4 6. Nxd4 O-O 7. Be2 Bb4 8. O-O Re8 9. Nd5 Nxd5 10. cxd5 Nxd4 11. Qxd4 Be7 12. Bf3 c5 13. dxc6 dxc6 14. Rd1 Qxd4 15. Rxd4 Be6 16. Bd2 Red8 17. Bc3 Bc5 18. Rxd8+ Rxd8 19. a3 Bb3 20. Kf1 f6 21. Ke1 Kf7 22. Rc1 Bb6 23. g3 g6 24. Bd1 Bxd1 25. Rxd1 Rxd1+ 26. Kxd1 Ke6 1/2-1/2

[Event "105th British-ch 2018"]
[Site "Hull"]
[Date "2018.08.05"]
[Round "9"]
[White "Iyengar, Ilya"]
[Black "Ratnesan, Ranesh"]
[Result "1-0"]
[ECO "E68"]
[WhiteElo "2017"]
[BlackElo "2073"]
[Annotator "NA"]
[PlyCount "91"]
[EventDate "2018.07.28"]
[EventType "swiss"]
[EventCountry "GBR"]
[SourceTitle "playchess.com"]
[Source "ChessBase"]
[SourceQuality "1"]
[TimeControl "40/5400+30:1800+30"]

1. d4 Nf6 2. Nf3 g6 3. c4 Bg7 4. g3 O-O 5. Bg2 d6 6. O-O Nbd7 7. Nc3 e5 8. e4 exd4 9. Nxd4 Re8 10. h3 Nc5 11. Re1 a5 12. b3 Bd7 13. Bb2 Qc8 14. Kh2 a4 15. Rb1 axb3 16. axb3 Ne6 17. Nxe6 Bxe6 18. Ra1 Bd7 19. Qc2 h5 20. Nd5 Nxd5 21. cxd5 Rxa1 22. Rxa1 c5 23. h4 Qd8 24. Re1 b6 25. f4 Bf6 26. Qf2 Bxb2 27. Qxb2 b5 28. e5 Qa5 29. Ra1 Qc7 30. e6 Bc8 31. Qf6 Qe7 32. Qxe7 Rxe7 33. Ra8 Re8 34. Bh3 Bd7 35. exf7+ Kxf7 36. Ra7 Re2+ 37. Kg1 Re3 38. Rxd7+ Kf8 39. Kf2 Rxb3 40. Rxd6 Kg7 41. Rd7+ Kf8 42. Rc7 c4 43. d6 Rd3 44. Rc8+ Kf7 45. d7 Ke7 46. Re8+ 1-0

[Event "105th British-ch 2018"]
[Site "Hull"]
[Date "2018.08.05"]
[Round "9"]
[White "Miller, Dominic"]
[Black "Burke, Mitchell R"]
[Result "1-0"]
[ECO "B27"]
[WhiteElo "2017"]
[BlackElo "1988"]
[Annotator "NA"]
[PlyCount "77"]
[EventDate "2018.07.28"]
[EventType "swiss"]
[EventCountry "GBR"]
[SourceTitle "playchess.com"]
[Source "ChessBase"]
[SourceQuality "1"]
[TimeControl "40/5400+30:1800+30"]

1. e4 c5 2. Nf3 h6 3. c3 Qa5 4. Be2 g6 5. O-O Bg7 6. d4 d6 7. Na3 Nc6 8. Nc4 Qc7 9. Ne3 Nf6 10. d5 Nb8 11. Qc2 O-O 12. a4 e6 13. Nd2 exd5 14. exd5 b6 15. a5 Nbd7 16. axb6 Nxb6 17. Bf3 Bb7 18. Qd3 a5 19. g4 Qd7 20. c4 Qe7 21. Bg2 Rfe8 22. Nf3 Bc8 23. h3 h5 24. Nh2 hxg4 25. hxg4 Ne4 26. Nc2 Nf6 27. Re1 Qxe1+ 28. Nxe1 Rxe1+ 29. Bf1 Nxg4 30. Nxg4 Bxg4 31. Kg2 Rae8 32. Qg3 Bf5 33. Qxd6 Bh6 34. Bxh6 Be4+ 35. f3 Bxf3+ 36. Kxf3 Rxa1 37. Kg2 Kh7 38. Bg5 Ree1 39. Bf6 1-0

[Event "105th British-ch 2018"]
[Site "Hull"]
[Date "2018.08.05"]
[Round "9"]
[White "Stephenson, David W"]
[Black "Jamroz, Krzysztof"]
[Result "0-1"]
[ECO "A45"]
[WhiteElo "1833"]
[BlackElo "2026"]
[Annotator "NA"]
[PlyCount "76"]
[EventDate "2018.07.28"]
[EventType "swiss"]
[EventCountry "GBR"]
[SourceTitle "playchess.com"]
[Source "ChessBase"]
[SourceQuality "1"]
[TimeControl "40/5400+30:1800+30"]

1. d4 Nf6 2. f3 c5 3. d5 e6 4. Nc3 exd5 5. Nxd5 Nxd5 6. Qxd5 Nc6 7. e4 d6 8. Qb3 Be7 9. Bf4 O-O 10. O-O-O Qc7 11. Qc3 Nb4 12. Kb1 Be6 13. Bc4 Bxc4 14. Qxc4 Rab8 15. a3 b5 16. Qf1 Nc6 17. Ne2 b4 18. a4 b3 19. c3 Qa5 20. Kc1 Qxa4 21. Kd2 Na5 22. Ke1 Nc4 23. Rb1 Nxb2 24. Nc1 Nc4 25. Kf2 b2 26. Nd3 Qc2+ 27. Kg3 g5 28. Kh3 gxf4 29. Nxf4 Na3 30. Nd5 Bg5 31. Qe1 Kh8 32. f4 Bd8 33. f5 Rg8 34. Rg1 Nxb1 35. Qe3 Qd2 36. g4 Qxe3+ 37. Nxe3 Nxc3 38. g5 Rxg5 0-1